 Dungeon Sprint DCSS version 0.21.0-3-g78d12a8bdd (webtiles) character file.

11000000 Quolop the Conqueror (level 27, -25/323 HPs)
             Began as an Ogre Warper on Jan 11, 2018.
             Was the Champion of Makhleb.
             Killed from afar by an observer (45 damage)
             ... with a fireball
             ... in the Dungeon (Sprint VIII: "Arena of Blood").
             The game lasted 00:05:03 (110 turns).

Quolop the Conqueror (Ogre Warper)                   Turns: 110, Time: 00:05:04

Health: -25/323    AC:  5    Str: 23    XL:     27
Magic:  32/54      EV: 30    Int: 14    God:    Makhleb [******]
Gold:   0          SH:  0    Dex: 17    Spells: 80/80 levels left

rFire    . . .     SeeInvis +   l - +∞ Axe of Woe
rCold    . . .     Gourm    .   (shield currently unavailable)
rNeg     . . .     Faith    .   b - +0 robe
rPois    .         Spirit   .   (helmet restricted)
rElec    .         Reflect  .   (no cloak)
rCorr    .         Harm     .   (gloves unavailable)
MR       ++...     NoTele   +   (boots unavailable)
Stlth    +++++++++.             (no amulet)
HPRegen  0.63/turn              m - ring of see invisible
MPRegen  0.34/turn              (no ring)

@: no status effects
A: large, unfitting armour, tough skin 1
a: Minor Destruction, Lesser Servant of Makhleb, Major Destruction, Greater
Servant of Makhleb, Renounce Religion


You were in the Dungeon.
You worshipped Makhleb.
Makhleb was exalted by your worship.
You were not hungry.

You visited 1 branch

Inventory:

Hand Weapons
 a - a +0 hand axe
 l - the +∞ Axe of Woe (weapon)
   (You found it in the Dungeon)
Missiles
 e - 5 tomahawks of dispersal (quivered)
Armour
 b - a +0 robe (worn)
Jewellery
 m - a ring of see invisible (left hand)
Scrolls
 d - 2 scrolls of blinking
Potions
 g - a potion of curing
 h - a potion of heal wounds
 i - a potion of haste
 j - 2 potions of magic
 k - a potion of berserk rage
Books
 c - a book of Spatial Translocations

   Spells                             Type                      Level
   a - Blink                          Translocation                2
   b - Shroud of Golubria             Charms/Translocation         2
   c - Lesser Beckoning               Translocation                3
   d - Gell's Gravitas                Translocation                3
   e - Teleport Other                 Translocation                3
   f - Passage of Golubria            Translocation                4
Comestibles
 f - a ration


   Skills:
 O Level 27 Fighting
 O Level 27 Axes
 O Level 27 Throwing
 O Level 27 Armour
 O Level 27 Dodging
 O Level 27 Stealth
 O Level 27 Unarmed Combat
 O Level 27 Spellcasting
   Level 2.6 Translocations
 O Level 27 Invocations


You had 80 spell levels left.
You didn't know any spells.

Dungeon Overview and Level Annotations

Branches:
Dungeon (1/1)

Altars:
Makhleb


Innate Abilities, Weirdness & Mutations

You are too large for most types of armour.
You have tough skin. (AC +1)


Message History

* * * LOW HITPOINT WARNING * * *
You hear a shout!
The dread throws damnation at you.
The sphere of damnation explodes!
The damnation engulfs you!
* * * LOW HITPOINT WARNING * * *
You hear a shout! x3
The wretched soul breathes negative energy at you.
The bolt of negative energy misses you.
You hear a shout!
The eight-headed meat hydra calls on the powers of darkness!
The eight-headed meat hydra convulses!
Your body is wracked with pain!
* * * LOW HITPOINT WARNING * * *
The eight-headed meat hydra convulses!
The observer convulses!
The scourge convulses!
The observer convulses!
You hear a shout!
A meat berserker comes into view. It is wielding a +9 battleaxe.
There are monsters nearby!
The observer gazes at you.
The fireball explodes!
The fireball engulfs you!
You die...

##......)...§§.).####
........)...§§......####
......##.##.#####).....####
.................)S.......#
###.....##.##....)G))......
.................))))......
.......)))#.#.D.).W.#......
.......)))....))).####.....
#.......)))D)@))...........
.#.........)).)........W.#.
..........)G...............
......O...))).......W....#.
.....#....)))#..........
....#....)..#..........
..###.....))###..G....
......###...........
......._)........


You could see 2 eight-headed meat hydras, 3 observers, a scourge, a wretched
soul (invisible), a dread and a meat berserker (berserk).

Vanquished Creatures
  6 hell beasts (D)
  4 greater mummies (D)
  4 great orbs of eyes (D)
  3 wraiths (D)
  8 vampire knights (D)
  28 ogres (D)
  4 two-headed ogres (D)
  2 liches (D)
  65 orcs (D)
  4 phantoms (D)
  5 skeletal warriors (D)
  6 large abominations (D)
  4 small abominations (D)
  11 crawling corpses (D)
154 creatures vanquished.

Notes
Turn   | Place    | Note
-------+----------+-------------------------------------------
     0 | D        | Found the +∞ Axe of Woe
     0 | D        | Quolop the Ogre Warper began the quest for the Orb.
     0 | D        | Reached XP level 1. HP: 22/22 MP: 3/3
     3 | D        | Became a worshipper of Makhleb the Destroyer
     4 | D        | Noticed a bag of meat
     5 | D        | Killed a bag of meat
     5 | D        | Reached skill level 15 in Fighting
     5 | D        | Reached skill level 5 in Throwing
     5 | D        | Reached skill level 15 in Dodging
     5 | D        | Reached XP level 2. HP: 58/58 MP: 3/19
     5 | D        | Reached XP level 3. HP: 66/66 MP: 3/20
     5 | D        | Reached XP level 4. HP: 75/75 MP: 3/22
     5 | D        | Reached XP level 5. HP: 83/83 MP: 3/23
     5 | D        | Reached XP level 6. HP: 92/92 MP: 3/25
     5 | D        | Reached XP level 7. HP: 100/100 MP: 3/26
     5 | D        | Reached XP level 8. HP: 110/110 MP: 3/28
     5 | D        | Reached XP level 9. HP: 118/118 MP: 3/29
     5 | D        | Reached XP level 10. HP: 127/127 MP: 3/30
     5 | D        | Reached XP level 11. HP: 135/135 MP: 3/31
     5 | D        | Reached XP level 12. HP: 144/144 MP: 3/32
     6 | D        | Noticed a meat berserker
     7 | D        | Noticed a bag of meat
     7 | D        | Noticed a bag of meat
     7 | D        | Noticed a bag of meat
     7 | D        | Noticed a bag of meat
     7 | D        | Noticed a bag of meat
     8 | D        | Noticed a bag of meat
     8 | D        | Noticed a bag of meat
     9 | D        | Noticed a bag of meat
     9 | D        | Noticed a meat berserker
     9 | D        | Noticed a bag of meat
     9 | D        | Noticed a bag of meat
     9 | D        | Noticed a bag of meat
    10 | D        | Noticed a bag of meat
    10 | D        | Noticed a bag of meat
    10 | D        | Noticed a bag of meat
    10 | D        | Noticed a meat berserker
    10 | D        | Killed a bag of meat
    10 | D        | Reached * piety under Makhleb
    10 | D        | Reached skill level 15 in Axes
    10 | D        | Reached XP level 13. HP: 159/159 MP: 4/35
    11 | D        | Noticed a bag of meat
    11 | D        | Noticed a bag of meat
    11 | D        | Noticed a bag of meat
    11 | D        | Noticed a bag of meat
    11 | D        | Killed a bag of meat
    11 | D        | Reached XP level 14. HP: 174/174 MP: 4/37
    11 | D        | Noticed a bag of meat
    11 | D        | Noticed a bag of meat
    12 | D        | Noticed a meat berserker
    12 | D        | Killed a meat berserker
    12 | D        | Reached XP level 15. HP: 115/189 MP: 5/40
    12 | D        | Reached ** piety under Makhleb
    13 | D        | Noticed a meat berserker
    13 | D        | Reached XP level 16. HP: 170/206 MP: 5/43
    14 | D        | Noticed a meat berserker
    14 | D        | Killed a meat berserker
    14 | D        | Reached *** piety under Makhleb
    14 | D        | Reached XP level 17. HP: 223/223 MP: 5/46
    14 | D        | Reached skill level 27 in Fighting
    14 | D        | Reached skill level 10 in Throwing
    14 | D        | Reached **** piety under Makhleb
    14 | D        | Reached skill level 27 in Axes
    14 | D        | Reached skill level 27 in Spellcasting
    14 | D        | Reached XP level 18. HP: 236/236 MP: 5/49
    14 | D        | Reached skill level 27 in Dodging
    14 | D        | Killed a meat berserker
    15 | D        | Reached XP level 19. HP: 245/245 MP: 5/50
    15 | D        | Reached ***** piety under Makhleb
    15 | D        | Reached skill level 27 in Throwing
    16 | D        | Noticed a meat berserker
    16 | D        | Reached skill level 10 in Invocations
    16 | D        | Reached skill level 10 in Armour
    16 | D        | Reached skill level 10 in Stealth
    16 | D        | Killed a meat berserker
    16 | D        | Reached XP level 20. HP: 256/256 MP: 6/51
    17 | D        | Reached skill level 15 in Unarmed Combat
    17 | D        | Reached skill level 15 in Armour
    17 | D        | Reached skill level 15 in Stealth
    18 | D        | Killed a meat berserker
    18 | D        | Reached XP level 21. HP: 265/265 MP: 6/52
    19 | D        | Reached ****** piety under Makhleb
    19 | D        | Killed a meat berserker
    19 | D        | Reached XP level 22. HP: 275/275 MP: 6/53
    21 | D        | Noticed a large bag of meat
    21 | D        | Reached skill level 27 in Invocations
    21 | D        | Reached skill level 27 in Unarmed Combat
    21 | D        | Reached XP level 23. HP: 284/284 MP: 7/54
    23 | D        | Noticed a large bag of meat
    23 | D        | Reached skill level 27 in Armour
    23 | D        | Reached skill level 27 in Stealth
    24 | D        | Reached XP level 24. HP: 295/295 MP: 8/54
    26 | D        | Killed a large bag of meat
    27 | D        | Noticed a destroyer
    28 | D        | Reached XP level 25. HP: 271/304 MP: 9/54
    30 | D        | Noticed a destroyer
    31 | D        | Noticed a destroyer
    32 | D        | Killed a destroyer
    32 | D        | Reached XP level 26. HP: 314/314 MP: 10/54
    33 | D        | Noticed a large bag of meat
    33 | D        | Killed a destroyer
    33 | D        | Killed a large bag of meat
    35 | D        | Noticed a destroyer
    35 | D        | Killed a destroyer
    35 | D        | Reached XP level 27. HP: 323/323 MP: 11/54
    37 | D        | Noticed a destroyer
    38 | D        | Noticed a destroyer
    47 | D        | Killed a destroyer
    47 | D        | Killed a destroyer
    54 | D        | Killed a destroyer
    55 | D        | Killed a large bag of meat
    57 | D        | Noticed a destroyer
    59 | D        | Noticed an accursed
    62 | D        | Killed a destroyer
    63 | D        | Noticed a tyrant
    64 | D        | Noticed an accursed
    64 | D        | Noticed a destroyer
    66 | D        | Noticed an accursed
    67 | D        | Noticed an accursed
    68 | D        | Killed a destroyer
    69 | D        | Noticed a meat beast
    70 | D        | Noticed a large bag of meat
    70 | D        | Killed a meat beast
    73 | D        | Killed a tyrant
    76 | D        | Killed an accursed
    80 | D        | Noticed a meat beast
    80 | D        | Killed an accursed
    82 | D        | Noticed a dread
    82 | D        | Noticed a meat beast
    83 | D        | Killed a large bag of meat
    85 | D        | Noticed a meat beast
    85 | D        | Killed an accursed
    86 | D        | Killed a meat beast
    86 | D        | Killed a meat beast
    86 | D        | Killed a meat beast
    89 | D        | Killed an accursed
    90 | D        | Noticed a tyrant
    92 | D        | Noticed a dread
    92 | D        | Noticed a meat beast
    93 | D        | Noticed a dread
    93 | D        | Killed a tyrant
    98 | D        | Noticed a meat beast
   100 | D        | Killed a dread
   102 | D        | Killed a dread
   102 | D        | Killed a meat beast
   103 | D        | Killed a meat beast
   105 | D        | Killed a dread
   108 | D        | Noticed a dread
   110 | D        | Killed from afar by an observer

Skill      XL: |  1  2  3  4  5  6  7  8  9 10 11 12 13 14 15 16 17 18 19 20 21 22 23 |
---------------+----------------------------------------------------------------------+-----
Fighting       | 15 18 19 22 23 26 27 | 27.0
Axes           | 13 15 16 19 21 24 27 | 27.0
Throwing       | 5 6 7 8 9 10 26 27 | 27.0
Dodging        | 15 17 18 20 22 24 26 27 | 27.0
Spellcasting   | 16 18 19 21 23 25 27 | 27.0
Armour         | 13 18 21 25 27 | 27.0
Stealth        | 13 18 21 25 27 | 27.0
Unarmed Combat | 14 19 22 27 | 27.0
Invocations    | 16 22 26 27 | 27.0
Translocations | |  2.6

Action                   |  1- 3 |  4- 6 |  7- 9 | 10-12 | 13-15 | 16-18 | 19-21 | 22-24 | 25-27 || total
-------------------------+-------+-------+-------+-------+-------+-------+-------+-------+-------++-------
Melee: Executioner's axe |     1 |       |       |     1 |     3 |     1 |     4 |     5 |    50 ||    65
Armor: Robe              |       |       |       |       |       |       |       |       |     1 ||     1
Dodge: Dodged            |       |       |       |       |     1 |       |       |     2 |     9 ||    12
